 Dungeon Crawl Stone Soup version 0.19-a0-981-gaae9137 (webtiles) character file.

676 mistymad the Poker (level 7, 0/56 HPs)
             Began as a Merfolk Monk on July 15, 2016.
             Slain by Blork the orc
             ... wielding a +4 mace of protection
              (8 damage)
             ... on level 5 of the Dungeon.
             The game lasted 00:09:32 (5022 turns).

mistymad the Poker (Merfolk Monk)                   Turns: 5022, Time: 00:09:33

Health: 0/56       AC:  9    Str: 14    XL:     7   Next: 60%
Magic:  7/7        EV: 16    Int:  9    God:
Gold:   254        SH:  0    Dex: 16    Spells: 0 memorised, 6 levels left

rFire  . . .     SeeInvis .     a - +0 spear
rCold  . . .     Gourm    .     p - +3 leather armour
rNeg   . . .     Faith    .     (no shield)
rPois  +         Spirit   .     w - +0 helmet
rElec  .         Dismiss  .     v - +0 cloak
rCorr  .         Reflect  .     (no gloves)
SustAt .         Harm     .     y - +0 pair of boots
MR     +....                    (no amulet)
Stlth  ++........               o - ring of protection from magic
                                e - ring of poison resistance

@: somewhat resistant to hostile enchantments, unstealthy
A: change form in water, swift swim
a: no special abilities


You were on level 5 of the Dungeon.
You were not hungry.

You visited 1 branch of the dungeon, and saw 5 of its levels.

You collected 254 gold pieces.

Inventory:

Hand Weapons
 a - a +0 spear (weapon)
Armour
 p - a +3 leather armour (worn)
 q - a +1 leather armour of cold resistance
 v - a +0 cloak (worn)
 w - a +0 helmet (worn)
 y - a +0 pair of boots (worn)
Jewellery
 e - a ring of poison resistance (left hand)
 o - a ring of protection from magic (right hand)
 z - an uncursed ring of fire
Wands
 E - a wand of slowing (39/48)
 G - a wand of digging (11/24)
Scrolls
 b - 6 scrolls of recharging {unknown}
 i - a scroll of random uselessness {unknown}
 k - a scroll of identify {unknown}
 l - a scroll of magic mapping {unknown}
 n - a scroll of amnesia {unknown}
 r - a scroll of immolation {unknown}
 s - 2 scrolls of enchant weapon {unknown}
 A - 2 scrolls of remove curse {unknown}
 B - a scroll of fear {unknown}
Potions
 d - a potion of resistance
 f - 2 potions of degeneration {unknown}
 g - a potion of lignification {unknown}
 h - a potion of might {unknown}
 j - a potion of flight {unknown}
 t - 3 potions of ambrosia {unknown}
 x - a potion of cure mutation {unknown}
 C - 2 potions of brilliance {unknown}
 D - a potion of mutation {unknown}
 F - 3 potions of curing {unknown}
Comestibles
 c - 4 bread rations
 m - a slice of pizza
 u - 3 meat rations


   Skills:
 + Level 5.4 Fighting
 + Level 7.5 Polearms
 + Level 2.5 Armour
 + Level 6.7 Dodging
 - Level 2.1 Stealth


You had 6 spell levels left.
You didn't know any spells.

Dungeon Overview and Level Annotations

Branches:
Dungeon (5/15)
 Temple: D:4-7

Altars:
Makhleb
Nemelex Xobeh
Qazlal
Sif Muna
The Shining One

Annotations:
D:4 Pikel
D:5 Blork the orc


Message History

Blork the orc gestures wildly while chanting.
Blork the orc flickers and vanishes!
Deactivating autopickup; reactivate with Ctrl-A.
You miss something.
You hear some strange, mumbled words.
A magic dart appears from out of thin air!
The magic dart hits you!
You take 2 damage, and have 18/56 hp.
You hit something but do no damage.
You hear some strange, mumbled words.
A puff of frost appears from out of thin air!
The puff of frost hits you!
* * * LOW HITPOINT WARNING * * *
You take 7 damage, and have 11/56 hp.
You hit something but do no damage. Something hits you.
* * * LOW HITPOINT WARNING * * *
You take 4 damage, and have 7/56 hp.
You hit something. You barely miss something. Something hits you!
You die...

#.#
############
#.#####
#......<....
#.....#
#.##########
#####.# #.#
### #.# ..#
#.# #.# #.#
#{# #.# #@#
#.# #.# #.#
#.#
#.#####.#
#.......#
#.#######
###


There were no monsters in sight!

Vanquished Creatures
  An ice beast (D:5)
  An ogre (D:5)
  A sky beast (D:5)
  2 giant frog skeletons (D:5)
  A jelly (D:5)
  An iguana (D:5)
  2 worker ants (D:4)
  Ijyb (D:4)
  Robin (D:4)
  A howler monkey skeleton (D:4)
  4 adders
  An adder zombie (D:5)
  6 worms (D:2)
  A dart slug (D:1)
  A giant gecko (D:2)
  11 orcs
  4 ball pythons
  7 bats
  2 giant cockroaches (D:1)
  22 goblins
  14 hobgoblins
  19 jackals
  A quokka (D:3)
  3 giant newts
  12 kobolds
  9 rats
129 creatures vanquished.

Notes
Turn   | Place    | Note
-------+----------+-------------------------------------------
     0 | D:1      | mistymad the Merfolk Monk began the quest for the Orb.
     0 | D:1      | Reached XP level 1. HP: 18/18 MP: 1/1
    52 | D:1      | Reached XP level 2. HP: 22/24 MP: 2/2
   199 | D:1      | Reached skill level 5 in Polearms
   460 | D:1      | Reached XP level 3. HP: 29/29 MP: 3/3
  1107 | D:2      | Reached XP level 4. HP: 21/37 MP: 4/4
  1325 | D:2      | Reached skill level 1 in Armour
  1677 | D:2      | Found a deep blue altar of Sif Muna.
  2130 | D:3      | Reached skill level 5 in Dodging
  2130 | D:3      | Reached XP level 5. HP: 39/42 MP: 5/5
  2542 | D:3      | Found a stormy altar of Qazlal.
  2544 | D:3      | Noticed a fire elemental
  2545 | D:3      | Noticed a water elemental
  2545 | D:3      | Noticed an air elemental
  2741 | D:3      | Reached skill level 6 in Polearms
  2834 | D:4      | Noticed Robin
  2897 | D:4      | Killed Robin
  3187 | D:4      | Found a glowing golden altar of the Shining One.
  3245 | D:4      | Noticed Ijyb
  3285 | D:4      | Killed Ijyb
  3285 | D:4      | Reached XP level 6. HP: 48/49 MP: 6/6
  3347 | D:4      | Found a burning altar of Makhleb.
  3631 | D:4      | Noticed a slave
  3631 | D:4      | Noticed a slave
  3631 | D:4      | Noticed a slave
  3634 | D:4      | Noticed Pikel
  3636 | D:4      | Noticed a slave
  3704 | D:5      | Entered Level 5 of the Dungeon
  3704 | D:5      | Noticed an ice beast
  3727 | D:5      | Killed an ice beast
  4348 | D:5      | Noticed a sky beast
  4401 | D:5      | Killed a sky beast
  4401 | D:5      | Reached skill level 5 in Fighting
  4401 | D:5      | Reached skill level 7 in Polearms
  4401 | D:5      | Reached XP level 7. HP: 25/56 MP: 7/7
  4521 | D:5      | Found a sparkling altar of Nemelex Xobeh.
  4990 | D:5      | Noticed Blork the orc
  5022 | D:5      | Slain by Blork the orc

Vault maps used:
D:1:      grunt_arrival_lava_bath
D:2:      lemuel_blue_sif_altar, first_bread
D:3:      corexii_shack_village, nicolae_qazlal_style_of_elements
D:4:      kennysheep_the_goblin_king, kennysheep_mini,
          nicolae_tso_carved_into_rock, uniq_pikel, uniq_robin
D:5:      cheibriados_altar_wand_db, nemelex_xobeh_ov_fountains_minmay,
          uniq_blork_the_orc

Skill      XL: |  1  2  3  4  5  6 |
---------------+-------------------+-----
Polearms       | 5 6 7 |  7.5
Armour         | 1 2 |  2.5
Fighting       | 4 5 |  5.4
Dodging        | 5 6 |  6.7
Stealth        | |  2.1

Action                   |  1- 3 |  4- 6 |  7- 9 || total
-------------------------+-------+-------+-------++-------
Melee: Spear             |   149 |   538 |    78 ||   765
 Stab: Sleeping          |     6 |     9 |     1 ||    16
       Distracted        |     2 |     1 |       ||     3
  Eat: Chunk             |     1 |     9 |     2 ||    12
       Pizza             |       |       |     1 ||     1
Armor: Robe              |     6 |       |       ||     6
       Leather armour    |    16 |    76 |    10 ||   102
Dodge: Dodged            |    91 |   241 |    29 ||   361
